 Dungeon Crawl Stone Soup version 0.24-a0-279-ga7546fe674 (webtiles) character file.

Game seed: 15515703823247012861

1405 HAL9000 the Covert (level 8, -5/38 HPs)
             Began as a Vine Stalker Assassin on May 1, 2019.
             Was an Initiate of Kikubaaqudgha.
             Slain by an orc warrior
             ... wielding a +0 trident
              (11 damage)
             ... on level 6 of the Dungeon.
             The game lasted 00:10:12 (5790 turns).

HAL9000 the Covert (Vine Stalker Assassin)          Turns: 5790, Time: 00:10:13

Health: -5/38      AC:  4    Str: 15    XL:     8   Next: 70%
Magic:  0/9        EV: 11    Int: 11    God:    Kikubaaqudgha [......]
Gold:   264        SH:  0    Dex: 17    Spells: 7/7 levels left

rFire    . . .     SeeInvis .   r - +8 demon blade "Bloodbane" {slice, *Rage +Rage Stlth-}
rCold    . . .     Gourm    .   (no shield)
rNeg     . . .     Faith    .   c - +0 robe
rPois    +         Spirit   +   (no helmet)
rElec    .         Reflect  .   d - +1 cloak
rCorr    .         Harm     .   (no gloves)
MR       +....     Rnd*Rage +   (no boots)
Stlth    ++++......             l - amulet of inaccuracy (curse)
HPRegen  0.52/turn              q - ring of poison resistance
MPRegen  0.11/turn              (no ring)

@: no status effects
A: fangs 3, regeneration 1, magic shield, antimagic bite, no potion heal 3, rot
immunity
a: Renounce Religion, Evoke Berserk Rage


You were on level 6 of the Dungeon.
You worshipped Kikubaaqudgha.
Kikubaaqudgha was noncommittal.
You were hungry.

You visited 2 branches of the dungeon, and saw 7 of its levels.

You collected 264 gold pieces.

Inventory:

Hand Weapons
 a - a +3 dagger
 b - a +0 blowgun
 r - the +8 demon blade "Bloodbane" (weapon) {slice, *Rage +Rage Stlth-}
   (You took it off an orc on level 5 of the Dungeon)

   It inflicts extra damage upon your enemies.
   It lets you go berserk.
   It may make you go berserk in combat.
   It makes you less stealthy.
Missiles
 e - 25 poisoned needles
 f - a curare-tipped needle
 t - 5 javelins of penetration (quivered)
 y - 2 tomahawks
Armour
 c - a +0 robe (worn)
 d - a +1 cloak (worn)
Jewellery
 l - a cursed amulet of inaccuracy (around neck)
 q - a ring of poison resistance (left hand)
Wands
 i - a wand of iceblast (10)
 j - a wand of disintegration (16)
 o - a wand of digging (6)
Scrolls
 m - 2 scrolls of fear
 n - 2 scrolls of teleportation
 s - 2 scrolls of amnesia
 w - a scroll of enchant weapon
Potions
 h - 2 potions of curing
 k - 3 potions of mutation
 p - 2 potions of brilliance
 u - a potion of cancellation {unknown}
 v - a potion of invisibility {unknown}
 x - a potion of flight {unknown}
Comestibles
 g - 6 rations
 z - 9 chunks of flesh


   Skills:
 - Level 1.7 Fighting
 - Level 5.0(6.0) Short Blades
 + Level 5.2(6.2) Long Blades
 - Level 1.7 Throwing
 - Level 0.7 Dodging
 - Level 10.1 Stealth


You had 7 spell levels left.
You didn't know any spells.
Your spell library was empty.

Dungeon Overview and Level Annotations

Branches:
Dungeon (6/15)             Temple (1/1) D:5

Altars:
Ashenzari
Cheibriados
Dithmenos
Elyvilon
Fedhas
Gozag
Hepliaklqana
Kikubaaqudgha
Makhleb
Okawaru
Qazlal
Vehumet
Xom
Yredelemnul
Zin


Innate Abilities, Weirdness & Mutations

You have razor-sharp teeth.
Your natural rate of healing is unusually fast.
When hurt, damage is shared between your health and your magic reserves.
Your bite disrupts and absorbs the magic of your enemies.
Potions cannot restore your health.
You are immune to rotting.


Message History

The orc warrior barely misses you.
The orc warrior hits you from afar with a +0 trident!
You closely miss the orc warrior. You bite the orc warrior.
You drain its power.
You feel invigorated.
The orc warrior is heavily wounded.
The orc warrior closely misses you.
You hit the orc warrior. Your bite misses the orc warrior.
The orc warrior is severely wounded.
The orc warrior hits you with a +0 trident!
* * * LOW HITPOINT WARNING * * *
You miss the orc warrior. Your bite misses the orc warrior.
The orc warrior is severely wounded.
The orc warrior hits you with a +0 trident.
* * * LOW HITPOINT WARNING * * *
Unknown command.
You slash the orc warrior!
The orc warrior is almost dead.
The orc warrior hits you with a +0 trident!
You die...
Kikubaaqudgha rasps: "You have failed me!
Welcome... death!"

#.###.# #.#.# # ##..
#.....# ###.##...
#..#### .........
#####..###### ##.###.).
#...#....(..# ##.####..
#.....#####.# .....##.
#...### #.# ###.#.###
##.##
#.#########........ #.#
#.@.......#.#.#.### #.#
######o#######.#<#.....#
#.# #......#####
#........ #.#
#.####.o...# #...§§...
#.# ########.# #..§§.≈..
#######^....o.)#
#..§§≈§..
#.....').....###
.....§≈≈≈≈
#.....#).....#
..#..≈≈≈≈≈≈
#.....#......#
#..##...§≈.>


You could see an orc warrior.

Vanquished Creatures
  A sky beast (D:5)
  3 phantoms
  3 ogres
  A scorpion (D:5)
  A crimson imp (D:5)
  A jelly (D:6)
  An orc priest (D:5)
  3 orc wizards
  3 bullfrog skeletons
  2 hounds (D:4)
  3 iguanas
  3 worker ants
  A hound skeleton (D:5)
  A worker ant zombie (D:2)
  9 adders
  A shadow imp (D:5)
  6 oozes (D:1)
  2 adder skeletons
  4 worms
  2 dart slugs (D:1)
  A leopard gecko (D:4)
  9 orcs
  12 giant cockroaches
  9 goblins
  8 hobgoblins
  12 jackals
  2 kobolds (D:3)
  2 quokkas
  12 bats
  3 frilled lizards
  A leopard gecko skeleton (D:5)
  11 rats
133 creatures vanquished.

Notes
Turn   | Place    | Note
-------+----------+-------------------------------------------
     0 | D:1      | HAL9000 the Vine Stalker Assassin began the quest for the
                  | Orb.
     0 | D:1      | Reached XP level 1. HP: 11/11 MP: 2/2
     1 | D:1      | Found a runed translucent door.
    16 | D:1      | Reached skill level 5 in Stealth
    31 | D:1      | Reached XP level 2. HP: 12/15 MP: 3/3
    49 | D:1      | Reached XP level 3. HP: 14/18 MP: 2/4
    57 | D:1      | Reached skill level 6 in Stealth
   853 | D:2      | Gained mutation: Your natural rate of healing is unusually
                  | fast. [Vine Stalker growth]
   853 | D:2      | Reached XP level 4. HP: 23/23 MP: 5/5
  1187 | D:2      | Found a white marble altar of Elyvilon.
  1261 | D:2      | Reached skill level 7 in Stealth
  1382 | D:2      | Reached XP level 5. HP: 19/26 MP: 3/6
  1840 | D:3      | Found a blossoming altar of Fedhas.
  2618 | D:4      | Found an opulent altar of Gozag.
  2699 | D:4      | Noticed an ogre
  2756 | D:4      | Killed an ogre
  2756 | D:4      | Reached skill level 8 in Stealth
  2756 | D:4      | Reached XP level 6. HP: 30/30 MP: 7/7
  3418 | D:4      | Noticed a phantom
  3492 | D:3      | Reached XP level 7. HP: 9/34 MP: 3/8
  3748 | D:4      | Reached skill level 9 in Stealth
  4373 | D:4      | Found a hazy altar of Hepliaklqana.
  4541 | D:5      | Entered Level 5 of the Dungeon
  4864 | D:5      | Reached skill level 5 in Short Blades
  4904 | D:5      | Found a staircase to the Ecumenical Temple.
  4926 | D:5      | Reached skill level 10 in Stealth
  4978 | Temple   | Entered the Ecumenical Temple
  5098 | Temple   | Became a worshipper of Kikubaaqudgha
  5141 | D:5      | Gained mutation: You have razor-sharp teeth. [Vine Stalker
                  | growth]
  5141 | D:5      | Reached XP level 8. HP: 17/38 MP: 4/9
  5459 | D:5      | Found a radiant altar of Vehumet.
  5485 | D:6      | Found a stormy altar of Qazlal.
  5503 | D:6      | Found a burning altar of Makhleb.
  5723 | D:6      | Reached skill level 5 in Long Blades
  5790 | D:6      | Slain by an orc warrior

Levels and vault maps discovered:
D:1:      dpeg_arrival_caged_fury, layout_basic
D:2:      layout_basic, nicolae_overflow_crystal_walls
D:3:      layout_loops_ring, lemuel_round_altar, first_ration
D:4:      layout_layer_cave, marbit_many_paths, grunt_gozag_breadcrumbs
D:5:      layout_loops_cross, kennysheep_mini_moat,
          minmay_temple_entry_mini_moons, minmay_fountain_box
D:6:      minmay_clustersquares, layout_loops_ring, lemuel_round_altar,
          nicolae_qazlal_general_emergency, led_sif_book,
          hangedman_decor_growths, nicolae_alphabet_shops, uniq_blork_the_orc,
          uniq_duvessa
Temple:   nicolae_temple_figure_zero

Skill      XL: |  1  2  3  4  5  6  7  8 |
---------------+-------------------------+-----
Stealth        | 5 6 7 8 10 | 10.1
Short Blades   | 2 3 4 5 |  5.0
Long Blades    | 2 5 |  5.2
Fighting       | |  1.7
Throwing       | |  1.7
Dodging        | |  0.7

Action                   |  1- 3 |  4- 6 |  7- 9 || total
-------------------------+-------+-------+-------++-------
Melee: Dagger            |    89 |   268 |   118 ||   475
       Bite              |    14 |    53 |    38 ||   105
       Demon blade       |       |       |    58 ||    58
 Fire: Blowgun           |       |     4 |       ||     4
Throw: Tomahawk          |       |       |     8 ||     8
       Javelin           |       |       |     6 ||     6
  Use: Scroll            |       |    11 |       ||    11
       Potion            |       |     1 |       ||     1
 Stab: Sleeping          |     5 |    25 |     3 ||    33
       Distracted        |       |       |     1 ||     1
  Eat: Chunk             |       |     8 |     4 ||    12
       Ration            |       |       |     1 ||     1
Armor: Robe              |    14 |    64 |    27 ||   105
Dodge: Dodged            |    47 |   143 |    62 ||   252
       Rpst.: Demon blade |       |       |    10 ||    10

Table legend:
 A = Non-vault XP
 B = Vault XP
 C = Vault XP percentage of total XP
 D = Non-vault monster count
 E = Vault monster count
 F = Vault count percentage of total count
                 A         B        C        D         E       F
            +---------+---------+-------+---------+---------+-------
      Total |    1477 |     531 |  26.4 |     108 |      25 |  18.8
            +---------+---------+-------+---------+---------+-------
        D:1 |      21 |      58 |  73.4 |      10 |      16 |  61.5
        D:2 |     101 |       0 |   0.0 |      27 |       0 |   0.0
        D:3 |      89 |       0 |   0.0 |      28 |       0 |   0.0
        D:4 |     466 |     121 |  20.6 |      23 |       1 |   4.2
        D:5 |     536 |       0 |   0.0 |      17 |       0 |   0.0
        D:6 |     264 |     352 |  57.1 |       3 |       8 |  72.7
            +---------+---------+-------+---------+---------+-------
